LOS ANGELES Kings vs VEGAS Golden Knights

Created - 26 décembre 2018 at 18:23

Goals
1 2 3 T
LOS ANGELES Kings 0 0 1 1
VEGAS Golden Knights 1 0 1 2
Shots
1 2 3 T
LOS ANGELES Kings 19 6 15 40
VEGAS Golden Knights 7 12 13 32

1st period

1. VEGAS Golden Knights , Joonas Donskoi 5 (Justin Braun 24, Matt Stajan 16) at 2:09

Penalties :
Brenden Dillon (VGK) for Roughing (Minor) at 4:38, Marc Methot (VGK) for High sticking (Minor) at 14:09, Scottie Upshall (LAK) for Roughing (Minor) at 18:55

2nd period

No Goal

Penalties :
Oliver Ekman-Larsson (LAK) for Roughing (Double Minor) at 0:52

3rd period

2. LOS ANGELES Kings , Nick Bonino 10 (Jonathan Huberdeau 15, Mitchell Marner 19) at 18:18
3. VEGAS Golden Knights , Markus Granlund 13 (Connor Carrick 9, Cody Eakin 12) at 19:22

Penalties :
Drew Doughty (LAK) for Interference (Minor) at 19:45

Goalie Stats

Al Montoya (LAK), 30 saves from 32 shots - (0,938), L, 3-4-0, 59:40 minutes
Charlie Lindgren (VGK), 39 saves from 40 shots - (0,975), W, 11-16-4, 60:00 minutes

Players Stats for LOS ANGELES Kings

Player Name              G  A  P  +/- PIM S  H  SB GA TA FO     MP     PP MP  PK MP  
------------------------------------------------------------------------------------
Alex Chiasson            0  0  0  -1  0   1  1  0  0  0  0/1     5:17   0:00   0:00 
Anze Kopitar             0  0  0   0  0   3  2  0  0  0  23/37  21:13   2:14   0:02 
Chris Wagner             0  0  0  -1  0   1  2  0  0  0  0/1    11:48   0:00   0:00 
Danny DeKeyser           0  0  0   0  0   0  1  0  0  0  0/0    23:15   1:44   3:38 
Drew Doughty             0  0  0   0  2   3  0  1  0  0  0/0    25:18   1:44   3:24 
Jakob Silfverberg        0  0  0   0  0   6  1  0  0  0  2/2    24:19   1:44   4:01 
Johnny Oduya             0  0  0  -1  0   1  1  6  0  0  0/0    16:29   0:00   1:31 
Jonathan Huberdeau       0  1  1   1  0   7  1  0  0  0  0/1    16:27   2:14   0:00 
Kyle Brodziak            0  0  0  -1  0   2  0  0  0  0  7/12   13:55   0:00   2:07 
Kyle Quincey             0  0  0  -1  0   0  1  1  0  0  0/0    15:18   0:00   0:20 
Mark Stone               0  0  0   0  0   2  0  0  0  0  1/1    20:41   1:44   0:00 
Michael Cammalleri       0  0  0  -1  0   0  0  0  0  0  0/0    11:48   0:00   0:00 
Mitchell Marner          0  1  1   1  0   1  2  0  0  0  1/2    16:33   2:14   0:29 
Nick Bonino              1  0  1   1  0   1  0  0  0  0  16/24  19:23   1:44   3:49 
Oliver Ekman-Larsson     0  0  0   0  4   6  0  3  0  0  0/0    20:09   2:14   0:54 
Scottie Upshall          0  0  0  -1  2   0  1  0  0  0  0/0     7:06   0:00   1:50 
Stephen Johns            0  0  0   0  0   6  1  0  0  0  0/0    19:29   2:14   2:32 
Tim Schaller             0  0  0  -1  0   0  1  0  0  0  2/7     5:17   0:00   0:00 

Players Stats for VEGAS Golden Knights

Player Name              G  A  P  +/- PIM S  H  SB GA TA FO     MP     PP MP  PK MP  
------------------------------------------------------------------------------------
Antoine Roussel          0  0  0   0  0   1  1  1  0  0  4/12   11:28   0:00   0:00 
Benoit Pouliot           0  0  0   1  0   2  1  1  0  0  0/0    14:26   0:12   0:00 
Brendan Smith            0  0  0   0  0   0  0  1  0  0  0/0    16:07   0:00   0:00 
Brenden Dillon           0  0  0   1  2   1  3  2  0  0  0/0    20:55   2:40   0:57 
Calle Jarnkrok           0  0  0  -1  0   2  1  1  0  0  13/28  23:28   2:48   1:29 
Cody Eakin               0  1  1   1  0   2  2  0  0  0  6/19   17:02   2:48   0:00 
Connor Carrick           0  1  1   1  0   0  0  0  0  0  0/0    15:52   0:00   1:18 
Joel Ward                0  0  0   0  0   4  0  0  0  0  1/1    11:28   0:00   0:00 
Joonas Donskoi           1  0  1   1  0   2  0  0  0  0  0/1     4:59   0:00   0:00 
Jordan Oesterle          0  0  0  -1  0   2  1  3  0  0  0/0    24:09   3:30   2:40 
Justin Braun             0  1  1   0  0   2  0  5  0  0  0/0    25:06   3:30   1:39 
Marc Methot              0  0  0   1  2   2  1  1  0  0  0/0    17:49   2:40   1:22 
Markus Granlund          1  0  1   1  0   5  1  0  0  0  2/2    19:05   3:22   1:29 
Matt Stajan              0  1  1   1  0   0  0  0  0  0  9/20   10:50   3:22   2:29 
Mattias Janmark          0  0  0  -1  0   2  1  1  0  0  1/1    24:50   3:10   2:29 
Nick Bjugstad            0  0  0  -1  0   2  1  0  0  0  0/3    21:59   2:48   0:00 
Ryan Reaves              0  0  0   1  0   1  1  0  0  0  0/0     4:59   0:00   0:00 
Zack Kassian             0  0  0   0  0   2  1  0  0  0  0/1    11:28   0:00   0:00 

3 Stars

1 - Charlie Lindgren (VGK)
2 - Markus Granlund (VGK)
3 - Joonas Donskoi (VGK)

Power Play

LOS ANGELES Kings - 0 on 2 Attempt(s) - 0,00%
VEGAS Golden Knights - 0 on 4 Attempt(s) - 0,00%

Penalty Kill

LOS ANGELES Kings - 4 on 4 Attempt(s) - 100,00% - Score 0 goal in Penalty Kill
VEGAS Golden Knights - 2 on 2 Attempt(s) - 100,00% - Score 0 goal in Penalty Kill

Team Stat

LOS ANGELES Kings - Hits : 15 - Faceoff Wins : 52 - Blocked Shots : 11 - Penalty Minutes : 8
VEGAS Golden Knights - Hits : 15 - Faceoff Wins : 36 - Blocked Shots : 16 - Penalty Minutes : 4

Official

Referees : Unknown
Linesman : Unknown

Game Notes

No Game Note

Finance

Level 1 -- Attendance: 4773 (79,55%) -- Ticket Income 477 300 $
Level 2 -- Attendance: 4079 (81,58%) -- Ticket Income 244 740 $
Level 3 -- Attendance: 2000 (100,00%) -- Ticket Income 70 000 $
Level 4 -- Attendance: 2644 (66,10%) -- Ticket Income 66 100 $
Luxury Box -- Attendance: 766 (76,60%) -- Ticket Income 153 200 $
Game was played at the T-Mobile Arena.
Total Attendance: 14262 (79,23%)
Total Ticket Income: 1 011 340 $
Other Income: 394 423 $
Total Income: 1 405 763 $

LOS ANGELES Kings

5 vs 5 Forward 
   Center                   Left Wing                Right Wing               Time % Phy DF OF 
 1 Anze Kopitar             Jakob Silfverberg        Mark Stone               41     1   2  2  
 2 Nick Bonino              Jonathan Huberdeau       Mitchell Marner          31     1   2  2  
 3 Kyle Brodziak            Michael Cammalleri       Chris Wagner             20     1   2  2  
 4 Tim Schaller             Scottie Upshall          Alex Chiasson            8      1   2  2  

5 vs 5 Defense 
   Defense                  Defense                                           Time % Phy DF OF 
 1 Drew Doughty             Danny DeKeyser                                    40     1   2  2  
 2 Stephen Johns            Oliver Ekman-Larsson                              30     1   2  2  
 3 Johnny Oduya             Kyle Quincey                                      20     1   2  2  
 4 Drew Doughty             Oliver Ekman-Larsson                              10     1   2  2  

PowerPlay Forward 
   Center                   Left Wing                Right Wing               Time % Phy DF OF 
 1 Anze Kopitar             Jonathan Huberdeau       Mitchell Marner          60     1   2  2  
 2 Nick Bonino              Jakob Silfverberg        Mark Stone               40     1   2  2  

PowerPlay Defense
   Defense                  Defense                                           Time % Phy DF OF 
 1 Stephen Johns            Oliver Ekman-Larsson                              60     1   2  2  
 2 Drew Doughty             Danny DeKeyser                                    40     1   2  2  

Penalty Kill 4 Players Forward 
   Center                   Wing                     Time % Phy DF OF 
 1 Nick Bonino              Jakob Silfverberg        60     1   2  2  
 2 Kyle Brodziak            Scottie Upshall          40     1   2  2  

Penalty Kill 4 Players Defense
   Defense                  Defense                  Time % Phy DF OF 
 1 Drew Doughty             Danny DeKeyser           60     1   2  2  
 2 Stephen Johns            Oliver Ekman-Larsson     40     1   2  2  

Penalty Kill - 3 Players Forward 
   Forward                                           Time % Phy DF OF 
 1 Anze Kopitar                                      60     1   2  2  
 2 Nick Bonino                                       40     1   2  2  

Penalty Kill - 3 Players Defense
   Defense                  Defense                  Time % Phy DF OF 
 1 Drew Doughty             Danny DeKeyser           60     1   2  2  
 2 Stephen Johns            Oliver Ekman-Larsson     40     1   2  2  

4 vs 4 Forward 
   Center                   Wing                     Time % Phy DF OF 
 1 Anze Kopitar             Mark Stone               60     1   2  2  
 2 Nick Bonino              Mitchell Marner          40     1   2  2  

4 vs 4 Defense
   Defense                  Defense                  Time % Phy DF OF 
 1 Drew Doughty             Oliver Ekman-Larsson     60     1   2  2  
 2 Stephen Johns            Danny DeKeyser           40     1   2  2  

Last Minutes Offensive
   Center                   Left Wing                Right Wing               Defense                  Defense                  
   Anze Kopitar             Jonathan Huberdeau       Mark Stone               Drew Doughty             Oliver Ekman-Larsson     

Last Minutes Defensive
   Center                   Left Wing                Right Wing               Defense                  Defense                  
   Anze Kopitar             Nick Bonino              Jakob Silfverberg        Drew Doughty             Danny DeKeyser           

Goaltenders
Starting : Al Montoya               
Backup : Jonathan Quick           

Extra Forwards
Normal : Nick Bonino, Mark Stone, Mitchell Marner - PP : Jonathan Huberdeau, Mark Stone - PK : Mitchell Marner
Extra Defensemen
Normal : Danny DeKeyser, Oliver Ekman-Larsson, Tim Schaller - PP : Johnny Oduya - PK : Johnny Oduya, Kyle Quincey
Penalty Shots
Nick Bonino, Mitchell Marner, Jonathan Huberdeau, Mark Stone, Jakob Silfverberg

VEGAS Golden Knights

5 vs 5 Forward 
   Center                   Left Wing                Right Wing               Time % Phy DF OF 
 1 Calle Jarnkrok           Mattias Janmark          Nick Bjugstad            40     1   2  2  
 2 Cody Eakin               Benoit Pouliot           Markus Granlund          30     1   2  2  
 3 Antoine Roussel          Joel Ward                Zack Kassian             25     5   0  0  
 4 Matt Stajan              Joonas Donskoi           Ryan Reaves              5      1   2  2  

5 vs 5 Defense 
   Defense                  Defense                                           Time % Phy DF OF 
 1 Jordan Oesterle          Justin Braun                                      40     1   2  2  
 2 Brenden Dillon           Brendan Smith                                     30     1   2  2  
 3 Marc Methot              Connor Carrick                                    20     1   2  2  
 4 Brenden Dillon           Justin Braun                                      10     1   2  2  

PowerPlay Forward 
   Center                   Left Wing                Right Wing               Time % Phy DF OF 
 1 Cody Eakin               Calle Jarnkrok           Nick Bjugstad            60     1   2  2  
 2 Matt Stajan              Mattias Janmark          Markus Granlund          40     1   2  2  

PowerPlay Defense
   Defense                  Defense                                           Time % Phy DF OF 
 1 Justin Braun             Jordan Oesterle                                   60     1   2  2  
 2 Brenden Dillon           Marc Methot                                       40     1   2  2  

Penalty Kill 4 Players Forward 
   Center                   Wing                     Time % Phy DF OF 
 1 Matt Stajan              Mattias Janmark          60     1   2  2  
 2 Calle Jarnkrok           Markus Granlund          40     1   2  2  

Penalty Kill 4 Players Defense
   Defense                  Defense                  Time % Phy DF OF 
 1 Jordan Oesterle          Justin Braun             60     1   2  2  
 2 Brenden Dillon           Marc Methot              40     1   2  2  

Penalty Kill - 3 Players Forward 
   Forward                                           Time % Phy DF OF 
 1 Matt Stajan                                       60     1   2  2  
 2 Markus Granlund                                   40     1   2  2  

Penalty Kill - 3 Players Defense
   Defense                  Defense                  Time % Phy DF OF 
 1 Jordan Oesterle          Marc Methot              60     1   2  2  
 2 Brenden Dillon           Justin Braun             40     1   2  2  

4 vs 4 Forward 
   Center                   Wing                     Time % Phy DF OF 
 1 Markus Granlund          Matt Stajan              60     1   2  2  
 2 Nick Bjugstad            Calle Jarnkrok           40     1   2  2  

4 vs 4 Defense
   Defense                  Defense                  Time % Phy DF OF 
 1 Jordan Oesterle          Justin Braun             60     1   2  2  
 2 Brenden Dillon           Brendan Smith            40     1   2  2  

Last Minutes Offensive
   Center                   Left Wing                Right Wing               Defense                  Defense                  
   Calle Jarnkrok           Mattias Janmark          Nick Bjugstad            Jordan Oesterle          Justin Braun             

Last Minutes Defensive
   Center                   Left Wing                Right Wing               Defense                  Defense                  
   Calle Jarnkrok           Mattias Janmark          Nick Bjugstad            Jordan Oesterle          Justin Braun             

Goaltenders
Starting : Charlie Lindgren         
Backup : Chad Johnson             

Extra Forwards
Normal : Markus Granlund, Calle Jarnkrok, Matt Stajan - PP : Matt Stajan, Markus Granlund - PK : Matt Stajan
Extra Defensemen
Normal : Justin Braun, Jordan Oesterle, Brenden Dillon - PP : Brenden Dillon - PK : Jordan Oesterle, Brenden Dillon
Penalty Shots
Nick Bjugstad, Matt Stajan, Mattias Janmark, Calle Jarnkrok, Markus Granlund


% Time on Ice - LOS ANGELES Kings

Lines # - Real PCT - Wanted PCT - Time Play
Normal Forward
1 - 38% - 41% - 18:34
2 - 28% - 31% - 13:50
3 - 24% - 20% - 11:48
4 - 11% - 8% - 5:17
Normal Defense
1 - 36% - 40% - 17:53
2 - 30% - 30% - 14:43
3 - 30% - 20% - 14:58
4 - 4% - 10% - 1:55
PP Forward
1 - 56% - 60% - 2:14
2 - 44% - 40% - 1:44
PP Defense
1 - 56% - 60% - 2:14
2 - 44% - 40% - 1:44
PK Forward
1 - 65% - 60% - 4:01
2 - 35% - 40% - 2:07
PK Defense
1 - 59% - 60% - 3:36
2 - 41% - 40% - 2:32
PK3 Forward
1 - 100% - 60% - 0:02
2 - 0% - 40% - 0:00
PK3 Defense
1 - 100% - 60% - 0:02
2 - 0% - 40% - 0:00
44 Forward
1 - 0% - 60%
2 - 0% - 40%
44 Defense
1 - 0% - 60%
2 - 0% - 40%
Last Minute Offensive  - 0:23
Last Minute Defensive  - 0:00
Total
Forward - 60:00
Defense - 60:00

% Time on Ice - VEGAS Golden Knights

Lines # - Real PCT - Wanted PCT - Time Play
Normal Forward
1 - 38% - 40% - 18:48
2 - 29% - 30% - 14:14
3 - 23% - 25% - 11:28
4 - 10% - 5% - 4:59
Normal Defense
1 - 36% - 40% - 17:36
2 - 31% - 30% - 15:29
3 - 28% - 20% - 13:48
4 - 5% - 10% - 2:36
PP Forward
1 - 45% - 60% - 2:48
2 - 55% - 40% - 3:22
PP Defense
1 - 57% - 60% - 3:30
2 - 43% - 40% - 2:40
PK Forward
1 - 63% - 60% - 2:29
2 - 37% - 40% - 1:29
PK Defense
1 - 42% - 60% - 1:39
2 - 58% - 40% - 2:19
PK3 Forward
1 - 0% - 60%
2 - 0% - 40%
PK3 Defense
1 - 0% - 60%
2 - 0% - 40%
44 Forward
1 - 0% - 60%
2 - 0% - 40%
44 Defense
1 - 0% - 60%
2 - 0% - 40%
Last Minute Offensive  - 0:00
Last Minute Defensive  - 0:23
Total
Forward - 60:00
Defense - 60:00

Play by Play

1st period


0:01 of 1st period - Anze Kopitar wins face-off versus Calle Jarnkrok in neutral zone.
0:24 of 1st period - Shot by Anze Kopitar.
0:24 of 1st period - Shot Misses the Net.
1:08 of 1st period - Shot by Markus Granlund.
1:08 of 1st period - Deflect By Cody Eakin.
1:08 of 1st period - Shot Misses the Net.
1:16 of 1st period - Shot by Markus Granlund.
1:16 of 1st period - Stopped by Al Montoya without a rebound.
1:17 of 1st period - Nick Bonino wins face-off versus Antoine Roussel in LOS ANGELES Kings zone.
1:17 of 1st period - Nick Bonino is hit by Antoine Roussel.
1:28 of 1st period - Icing by Nick Bonino.
1:29 of 1st period - Nick Bonino wins face-off versus Cody Eakin in LOS ANGELES Kings zone.
1:29 of 1st period - Nick Bonino is hit by Cody Eakin.
1:46 of 1st period - Shot by Oliver Ekman-Larsson.
1:46 of 1st period - Stopped by Charlie Lindgren without a rebound.
1:47 of 1st period - Kyle Brodziak wins face-off versus Antoine Roussel in VEGAS Golden Knights zone.
1:53 of 1st period - Zack Kassian is hit by Kyle Quincey.
1:55 of 1st period - Shot by Marc Methot.
1:55 of 1st period - Shot Blocked by Kyle Quincey.
1:57 of 1st period - Shot by Antoine Roussel.
1:57 of 1st period - Stopped by Al Montoya without a rebound.
1:58 of 1st period - Matt Stajan wins face-off versus Tim Schaller in LOS ANGELES Kings zone.
2:07 of 1st period - Shot by Joonas Donskoi.
2:07 of 1st period - Shot Misses the Net.
2:09 of 1st period - Shot by Joonas Donskoi.
2:09 of 1st period - Goal by Joonas Donskoi - LOS ANGELES Kings : 0 - VEGAS Golden Knights : 1.
2:10 of 1st period - Kyle Brodziak wins face-off versus Antoine Roussel in neutral zone.
2:37 of 1st period - Shot by Michael Cammalleri.
2:37 of 1st period - Deflect By Chris Wagner.
2:37 of 1st period - Shot Misses the Net.
3:17 of 1st period - Shot by Cody Eakin.
3:17 of 1st period - Deflect By Markus Granlund.
3:17 of 1st period - Stopped by Al Montoya without a rebound.
3:18 of 1st period - Calle Jarnkrok wins face-off versus Nick Bonino in LOS ANGELES Kings zone.
3:46 of 1st period - Icing by Calle Jarnkrok.
3:47 of 1st period - Anze Kopitar wins face-off versus Calle Jarnkrok in VEGAS Golden Knights zone.
4:05 of 1st period - Shot by Nick Bjugstad.
4:05 of 1st period - Shot Blocked by Oliver Ekman-Larsson.
4:07 of 1st period - Shot by Calle Jarnkrok.
4:07 of 1st period - Stopped by Al Montoya without a rebound.
4:08 of 1st period - Tim Schaller wins face-off versus Cody Eakin in LOS ANGELES Kings zone.
4:38 of 1st period - Minor Penalty to Brenden Dillon for Roughing.
4:39 of 1st period - Mattias Janmark wins face-off versus Anze Kopitar in VEGAS Golden Knights zone.
4:39 of 1st period - Mattias Janmark is hit by Jonathan Huberdeau.
5:11 of 1st period - Shot by Anze Kopitar.
5:11 of 1st period - Shot Misses the Net.
5:13 of 1st period - Shot by Stephen Johns.
5:13 of 1st period - Shot Misses the Net.
5:15 of 1st period - Shot by Stephen Johns.
5:15 of 1st period - Shot Misses the Net.
5:17 of 1st period - Shot by Jonathan Huberdeau.
5:17 of 1st period - Shot Misses the Net.
5:19 of 1st period - Shot by Stephen Johns.
5:19 of 1st period - Stopped by Charlie Lindgren without a rebound.
5:20 of 1st period - Nick Bonino wins face-off versus Calle Jarnkrok in VEGAS Golden Knights zone.
6:03 of 1st period - Shot by Drew Doughty.
6:03 of 1st period - Shot Blocked by Jordan Oesterle.
6:05 of 1st period - Shot by Drew Doughty.
6:05 of 1st period - Stopped by Charlie Lindgren without a rebound.
6:06 of 1st period - Anze Kopitar wins face-off versus Matt Stajan in VEGAS Golden Knights zone.
6:17 of 1st period - Shot by Mitchell Marner.
6:17 of 1st period - Deflect By Jonathan Huberdeau.
6:17 of 1st period - Stopped by Charlie Lindgren with a rebound.
6:19 of 1st period - Shot by Oliver Ekman-Larsson.
6:19 of 1st period - Stopped by Charlie Lindgren without a rebound.
6:20 of 1st period - Matt Stajan wins face-off versus Jonathan Huberdeau in VEGAS Golden Knights zone.
6:20 of 1st period - Matt Stajan is hit by Anze Kopitar.
6:27 of 1st period - Icing by Oliver Ekman-Larsson.
6:28 of 1st period - Anze Kopitar wins face-off versus Matt Stajan in LOS ANGELES Kings zone.
6:30 of 1st period - Icing by Oliver Ekman-Larsson.
6:31 of 1st period - Anze Kopitar wins face-off versus Matt Stajan in LOS ANGELES Kings zone.
7:01 of 1st period - Shot by Joel Ward.
7:01 of 1st period - Stopped by Al Montoya without a rebound.
7:02 of 1st period - Calle Jarnkrok wins face-off versus Anze Kopitar in LOS ANGELES Kings zone.
7:11 of 1st period - Shot by Marc Methot.
7:11 of 1st period - Shot Blocked by Oliver Ekman-Larsson.
7:27 of 1st period - Shot by Jakob Silfverberg.
7:27 of 1st period - Shot Blocked by Calle Jarnkrok.
7:31 of 1st period - Shot by Jakob Silfverberg.
7:31 of 1st period - Stopped by Charlie Lindgren without a rebound.
7:32 of 1st period - Cody Eakin wins face-off versus Nick Bonino in VEGAS Golden Knights zone.
7:32 of 1st period - Cody Eakin is hit by Mitchell Marner.
7:37 of 1st period - Cody Eakin is hit by Mitchell Marner and loses puck.
7:43 of 1st period - Off-side.
7:44 of 1st period - Joel Ward wins face-off versus Alex Chiasson in neutral zone.
7:59 of 1st period - Shot by Scottie Upshall.
7:59 of 1st period - Deflect By Alex Chiasson.
7:59 of 1st period - Shot Blocked by Antoine Roussel.
8:01 of 1st period - Shot by Johnny Oduya.
8:01 of 1st period - Stopped by Charlie Lindgren without a rebound.
8:02 of 1st period - Calle Jarnkrok wins face-off versus Nick Bonino in VEGAS Golden Knights zone.
8:41 of 1st period - Shot by Jonathan Huberdeau.
8:41 of 1st period - Shot Misses the Net.
8:43 of 1st period - Shot by Oliver Ekman-Larsson.
8:43 of 1st period - Shot Blocked by Justin Braun.
9:02 of 1st period - Shot by Anze Kopitar.
9:02 of 1st period - Shot Misses the Net.
9:04 of 1st period - Shot by Anze Kopitar.
9:04 of 1st period - Shot Blocked by Justin Braun.
9:16 of 1st period - Shot by Anze Kopitar.
9:16 of 1st period - Shot Misses the Net.
9:18 of 1st period - Shot by Jakob Silfverberg.
9:18 of 1st period - Stopped by Charlie Lindgren without a rebound.
9:19 of 1st period - Markus Granlund wins face-off versus Kyle Brodziak in VEGAS Golden Knights zone.
10:14 of 1st period - Icing by Danny DeKeyser.
10:15 of 1st period - Anze Kopitar wins face-off versus Antoine Roussel in LOS ANGELES Kings zone.
10:22 of 1st period - Shot by Jakob Silfverberg.
10:22 of 1st period - Shot Misses the Net.
10:30 of 1st period - Shot by Jakob Silfverberg.
10:30 of 1st period - Stopped by Charlie Lindgren without a rebound.
10:31 of 1st period - Nick Bonino wins face-off versus Matt Stajan in VEGAS Golden Knights zone.
10:31 of 1st period - Oliver Ekman-Larsson is hit by Marc Methot and loses puck.
10:36 of 1st period - Shot by Oliver Ekman-Larsson.
10:36 of 1st period - Stopped by Charlie Lindgren with a rebound.
10:48 of 1st period - Shot by Oliver Ekman-Larsson.
10:48 of 1st period - Stopped by Charlie Lindgren with a rebound.
10:50 of 1st period - Shot by Stephen Johns.
10:50 of 1st period - Stopped by Charlie Lindgren without a rebound.
10:51 of 1st period - Anze Kopitar wins face-off versus Calle Jarnkrok in VEGAS Golden Knights zone.
10:58 of 1st period - Shot by Mark Stone.
10:58 of 1st period - Stopped by Charlie Lindgren without a rebound.
10:59 of 1st period - Anze Kopitar wins face-off versus Cody Eakin in VEGAS Golden Knights zone.
11:33 of 1st period - Shot by Anze Kopitar.
11:33 of 1st period - Stopped by Charlie Lindgren with a rebound.
12:43 of 1st period - Johnny Oduya is hit by Mattias Janmark and loses puck.
12:58 of 1st period - Shot by Calle Jarnkrok.
12:58 of 1st period - Shot Misses the Net.
13:28 of 1st period - Shot by Joel Ward.
13:28 of 1st period - Shot Blocked by Johnny Oduya.
13:36 of 1st period - Shot by Zack Kassian.
13:36 of 1st period - Shot Blocked by Johnny Oduya.
13:38 of 1st period - Shot by Zack Kassian.
13:38 of 1st period - Deflect By Antoine Roussel.
13:38 of 1st period - Shot Blocked by Johnny Oduya.
13:48 of 1st period - Shot by Zack Kassian.
13:48 of 1st period - Stopped by Al Montoya without a rebound.
13:49 of 1st period - Matt Stajan wins face-off versus Anze Kopitar in LOS ANGELES Kings zone.
14:09 of 1st period - Minor Penalty to Marc Methot for High sticking.
14:10 of 1st period - Anze Kopitar wins face-off versus Matt Stajan in VEGAS Golden Knights zone.
14:13 of 1st period - Shot by Stephen Johns.
14:13 of 1st period - Stopped by Charlie Lindgren without a rebound.
14:14 of 1st period - Anze Kopitar wins face-off versus Matt Stajan in VEGAS Golden Knights zone.
14:21 of 1st period - Shot by Anze Kopitar.
14:21 of 1st period - Deflect By Jonathan Huberdeau.
14:21 of 1st period - Stopped by Charlie Lindgren without a rebound.
14:22 of 1st period - Matt Stajan wins face-off versus Anze Kopitar in VEGAS Golden Knights zone.
14:31 of 1st period - Brenden Dillon is hit by Anze Kopitar and loses puck.
14:52 of 1st period - Shot by Jonathan Huberdeau.
14:52 of 1st period - Shot Blocked by Jordan Oesterle.
14:56 of 1st period - Shot by Mitchell Marner.
14:56 of 1st period - Shot Misses the Net.
14:58 of 1st period - Shot by Stephen Johns.
14:58 of 1st period - Shot Misses the Net.
15:00 of 1st period - Shot by Jonathan Huberdeau.
15:00 of 1st period - Shot Blocked by Jordan Oesterle.
15:20 of 1st period - Shot by Drew Doughty.
15:20 of 1st period - Shot Blocked by Mattias Janmark.
15:28 of 1st period - Shot by Jakob Silfverberg.
15:28 of 1st period - Stopped by Charlie Lindgren with a rebound.
15:30 of 1st period - Shot by Nick Bonino.
15:30 of 1st period - Shot Blocked by Brenden Dillon.
15:40 of 1st period - Shot by Drew Doughty.
15:40 of 1st period - Stopped by Charlie Lindgren without a rebound.
15:41 of 1st period - Mark Stone wins face-off versus Matt Stajan in VEGAS Golden Knights zone.
16:14 of 1st period - Shot by Alex Chiasson.
16:14 of 1st period - Shot Misses the Net.
16:30 of 1st period - Marc Methot is hit by Alex Chiasson and loses puck.
17:43 of 1st period - Off-side.
17:44 of 1st period - Calle Jarnkrok wins face-off versus Anze Kopitar in neutral zone.
18:53 of 1st period - Shot by Jonathan Huberdeau.
18:53 of 1st period - Stopped by Charlie Lindgren without a rebound.
18:54 of 1st period - Cody Eakin wins face-off versus Tim Schaller in VEGAS Golden Knights zone.
18:54 of 1st period - Cody Eakin is hit by Scottie Upshall.
18:55 of 1st period - Minor Penalty to Scottie Upshall for Roughing.
18:56 of 1st period - Nick Bonino wins face-off versus Matt Stajan in LOS ANGELES Kings zone.
18:56 of 1st period - Nick Bonino is hit by Benoit Pouliot.
19:07 of 1st period - Off-side.
19:08 of 1st period - Matt Stajan wins face-off versus Nick Bonino in neutral zone.
19:37 of 1st period - Shot by Justin Braun.
19:37 of 1st period - Shot Misses the Net.
19:48 of 1st period - Off-side.
19:49 of 1st period - Kyle Brodziak wins face-off versus Cody Eakin in neutral zone.
Goals for this period are 0 for LOS ANGELES Kings vs 1 for VEGAS Golden Knights.
Shots for this period are 19 for LOS ANGELES Kings vs 7 for VEGAS Golden Knights.

2nd period


0:01 of 2nd period - Nick Bonino wins face-off versus Cody Eakin in neutral zone.
0:07 of 2nd period - Icing by Jordan Oesterle.
0:08 of 2nd period - Jakob Silfverberg wins face-off versus Nick Bjugstad in VEGAS Golden Knights zone.
0:41 of 2nd period - Shot by Justin Braun.
0:41 of 2nd period - Stopped by Al Montoya without a rebound.
0:42 of 2nd period - Nick Bonino wins face-off versus Matt Stajan in LOS ANGELES Kings zone.
0:52 of 2nd period - Double Minor Penalty to Oliver Ekman-Larsson for Roughing.
0:53 of 2nd period - Anze Kopitar wins face-off versus Matt Stajan in LOS ANGELES Kings zone.
1:03 of 2nd period - Icing by Brenden Dillon.
1:04 of 2nd period - Nick Bonino wins face-off versus Matt Stajan in VEGAS Golden Knights zone.
1:05 of 2nd period - Shot by Danny DeKeyser.
1:05 of 2nd period - Shot Misses the Net.
1:31 of 2nd period - Shot by Marc Methot.
1:31 of 2nd period - Shot Misses the Net.
1:33 of 2nd period - Shot by Marc Methot.
1:33 of 2nd period - Stopped by Al Montoya without a rebound.
1:34 of 2nd period - Kyle Brodziak wins face-off versus Cody Eakin in LOS ANGELES Kings zone.
1:34 of 2nd period - Kyle Brodziak is hit by Cody Eakin.
1:50 of 2nd period - Icing by Justin Braun.
1:51 of 2nd period - Nick Bonino wins face-off versus Cody Eakin in VEGAS Golden Knights zone.
1:54 of 2nd period - Shot by Jakob Silfverberg.
1:54 of 2nd period - Shot Misses the Net.
2:30 of 2nd period - Nick Bonino is hit by Calle Jarnkrok.
3:12 of 2nd period - Shot by Brenden Dillon.
3:12 of 2nd period - Stopped by Al Montoya without a rebound.
3:13 of 2nd period - Matt Stajan wins face-off versus Nick Bonino in LOS ANGELES Kings zone.
3:16 of 2nd period - Shot by Markus Granlund.
3:16 of 2nd period - Shot Misses the Net.
3:34 of 2nd period - Off-side.
3:35 of 2nd period - Cody Eakin wins face-off versus Nick Bonino in neutral zone.
3:42 of 2nd period - Shot by Nick Bjugstad.
3:42 of 2nd period - Shot Misses the Net.
5:24 of 2nd period - Shot by Jonathan Huberdeau.
5:24 of 2nd period - Shot Misses the Net.
5:53 of 2nd period - Shot by Ryan Reaves.
5:53 of 2nd period - Stopped by Al Montoya without a rebound.
5:54 of 2nd period - Anze Kopitar wins face-off versus Cody Eakin in LOS ANGELES Kings zone.
6:12 of 2nd period - Off-side.
6:13 of 2nd period - Kyle Brodziak wins face-off versus Calle Jarnkrok in neutral zone.
6:35 of 2nd period - Nick Bjugstad is hit by Chris Wagner and loses puck.
6:44 of 2nd period - Justin Braun is hit by Chris Wagner and loses puck.
7:22 of 2nd period - Shot by Mark Stone.
7:22 of 2nd period - Shot Misses the Net.
7:24 of 2nd period - Shot by Stephen Johns.
7:24 of 2nd period - Shot Misses the Net.
7:26 of 2nd period - Shot by Oliver Ekman-Larsson.
7:26 of 2nd period - Shot Blocked by Brenden Dillon.
7:30 of 2nd period - Shot by Anze Kopitar.
7:30 of 2nd period - Shot Hit the Post.
7:32 of 2nd period - Shot by Stephen Johns.
7:32 of 2nd period - Shot Misses the Net.
7:34 of 2nd period - Shot by Jakob Silfverberg.
7:34 of 2nd period - Shot Misses the Net.
7:36 of 2nd period - Shot by Jakob Silfverberg.
7:36 of 2nd period - Stopped by Charlie Lindgren without a rebound.
7:37 of 2nd period - Antoine Roussel wins face-off versus Tim Schaller in VEGAS Golden Knights zone.
7:49 of 2nd period - Shot by Alex Chiasson.
7:49 of 2nd period - Stopped by Charlie Lindgren without a rebound.
7:50 of 2nd period - Mitchell Marner wins face-off versus Cody Eakin in VEGAS Golden Knights zone.
8:05 of 2nd period - Shot by Benoit Pouliot.
8:05 of 2nd period - Stopped by Al Montoya without a rebound.
8:06 of 2nd period - Anze Kopitar wins face-off versus Antoine Roussel in LOS ANGELES Kings zone.
8:13 of 2nd period - Shot by Jakob Silfverberg.
8:13 of 2nd period - Shot Blocked by Marc Methot.
9:12 of 2nd period - Icing by Nick Bjugstad.
9:13 of 2nd period - Nick Bonino wins face-off versus Calle Jarnkrok in VEGAS Golden Knights zone.
9:46 of 2nd period - Shot by Nick Bonino.
9:46 of 2nd period - Deflect By Jonathan Huberdeau.
9:46 of 2nd period - Shot Blocked by Justin Braun.
9:48 of 2nd period - Shot by Drew Doughty.
9:48 of 2nd period - Stopped by Charlie Lindgren without a rebound.
9:49 of 2nd period - Cody Eakin wins face-off versus Kyle Brodziak in VEGAS Golden Knights zone.
10:49 of 2nd period - Off-side.
10:50 of 2nd period - Nick Bonino wins face-off versus Nick Bjugstad in neutral zone.
10:56 of 2nd period - Off-side.
10:57 of 2nd period - Calle Jarnkrok wins face-off versus Anze Kopitar in neutral zone.
11:23 of 2nd period - Mark Stone is hit by Jordan Oesterle and loses puck.
12:32 of 2nd period - Shot by Oliver Ekman-Larsson.
12:32 of 2nd period - Shot Blocked by Justin Braun.
13:19 of 2nd period - Cody Eakin is hit by Johnny Oduya and loses puck.
14:45 of 2nd period - Icing by Drew Doughty.
14:46 of 2nd period - Cody Eakin wins face-off versus Anze Kopitar in LOS ANGELES Kings zone.
14:57 of 2nd period - Shot by Cody Eakin.
14:57 of 2nd period - Shot Misses the Net.
15:59 of 2nd period - Shot by Joonas Donskoi.
15:59 of 2nd period - Shot Misses the Net.
16:11 of 2nd period - Shot by Joonas Donskoi.
16:11 of 2nd period - Stopped by Al Montoya without a rebound.
16:12 of 2nd period - Tim Schaller wins face-off versus Calle Jarnkrok in LOS ANGELES Kings zone.
16:19 of 2nd period - Shot by Jordan Oesterle.
16:19 of 2nd period - Stopped by Al Montoya with a rebound.
16:29 of 2nd period - Shot by Calle Jarnkrok.
16:29 of 2nd period - Shot Misses the Net.
16:31 of 2nd period - Shot by Mattias Janmark.
16:31 of 2nd period - Shot Misses the Net.
16:33 of 2nd period - Shot by Jordan Oesterle.
16:33 of 2nd period - Shot Misses the Net.
16:35 of 2nd period - Shot by Justin Braun.
16:35 of 2nd period - Stopped by Al Montoya without a rebound.
16:36 of 2nd period - Antoine Roussel wins face-off versus Kyle Brodziak in LOS ANGELES Kings zone.
16:41 of 2nd period - Shot by Zack Kassian.
16:41 of 2nd period - Stopped by Al Montoya without a rebound.
16:42 of 2nd period - Cody Eakin wins face-off versus Chris Wagner in LOS ANGELES Kings zone.
18:01 of 2nd period - Shot by Mattias Janmark.
18:01 of 2nd period - Stopped by Al Montoya with a rebound.
18:17 of 2nd period - Shot by Jonathan Huberdeau.
18:17 of 2nd period - Stopped by Charlie Lindgren without a rebound.
18:18 of 2nd period - Anze Kopitar wins face-off versus Antoine Roussel in VEGAS Golden Knights zone.
18:39 of 2nd period - Shot by Joel Ward.
18:39 of 2nd period - Stopped by Al Montoya with a rebound.
19:05 of 2nd period - Icing by Justin Braun.
19:06 of 2nd period - Antoine Roussel wins face-off versus Mitchell Marner in VEGAS Golden Knights zone.
19:33 of 2nd period - Shot by Jonathan Huberdeau.
19:33 of 2nd period - Shot Misses the Net.
19:35 of 2nd period - Shot by Stephen Johns.
19:35 of 2nd period - Stopped by Charlie Lindgren with a rebound.
19:37 of 2nd period - Shot by Stephen Johns.
19:37 of 2nd period - Stopped by Charlie Lindgren without a rebound.
19:38 of 2nd period - Calle Jarnkrok wins face-off versus Tim Schaller in VEGAS Golden Knights zone.
19:45 of 2nd period - Shot by Nick Bjugstad.
19:45 of 2nd period - Shot Misses the Net.
19:47 of 2nd period - Shot by Mattias Janmark.
19:47 of 2nd period - Stopped by Al Montoya without a rebound.
19:48 of 2nd period - Anze Kopitar wins face-off versus Cody Eakin in LOS ANGELES Kings zone.
19:48 of 2nd period - Mark Stone is hit by Markus Granlund and loses puck.
19:56 of 2nd period - Mark Stone is hit by Brenden Dillon and loses puck.
Goals for this period are 0 for LOS ANGELES Kings vs 0 for VEGAS Golden Knights.
Shots for this period are 6 for LOS ANGELES Kings vs 12 for VEGAS Golden Knights.

3rd period


0:01 of 3rd period - Anze Kopitar wins face-off versus Calle Jarnkrok in neutral zone.
0:15 of 3rd period - Off-side.
0:16 of 3rd period - Nick Bonino wins face-off versus Cody Eakin in neutral zone.
0:49 of 3rd period - Shot by Mitchell Marner.
0:49 of 3rd period - Stopped by Charlie Lindgren without a rebound.
0:50 of 3rd period - Anze Kopitar wins face-off versus Calle Jarnkrok in VEGAS Golden Knights zone.
0:55 of 3rd period - Shot by Jakob Silfverberg.
0:55 of 3rd period - Stopped by Charlie Lindgren without a rebound.
0:56 of 3rd period - Calle Jarnkrok wins face-off versus Anze Kopitar in VEGAS Golden Knights zone.
1:01 of 3rd period - Shot by Anze Kopitar.
1:01 of 3rd period - Stopped by Charlie Lindgren without a rebound.
1:02 of 3rd period - Calle Jarnkrok wins face-off versus Anze Kopitar in VEGAS Golden Knights zone.
1:09 of 3rd period - Shot by Calle Jarnkrok.
1:09 of 3rd period - Stopped by Al Montoya without a rebound.
1:10 of 3rd period - Jakob Silfverberg wins face-off versus Calle Jarnkrok in LOS ANGELES Kings zone.
1:10 of 3rd period - Drew Doughty is hit by Nick Bjugstad and loses puck.
1:19 of 3rd period - Shot by Nick Bjugstad.
1:19 of 3rd period - Stopped by Al Montoya with a rebound.
1:31 of 3rd period - Shot by Nick Bjugstad.
1:31 of 3rd period - Stopped by Al Montoya without a rebound.
1:32 of 3rd period - Nick Bonino wins face-off versus Cody Eakin in LOS ANGELES Kings zone.
1:55 of 3rd period - Shot by Cody Eakin.
1:55 of 3rd period - Stopped by Al Montoya with a rebound.
2:38 of 3rd period - Icing by Anze Kopitar.
2:39 of 3rd period - Calle Jarnkrok wins face-off versus Anze Kopitar in LOS ANGELES Kings zone.
2:39 of 3rd period - Calle Jarnkrok is hit by Danny DeKeyser.
4:31 of 3rd period - Shot by Zack Kassian.
4:31 of 3rd period - Shot Misses the Net.
4:33 of 3rd period - Shot by Marc Methot.
4:33 of 3rd period - Shot Blocked by Johnny Oduya.
4:35 of 3rd period - Shot by Connor Carrick.
4:35 of 3rd period - Shot Blocked by Johnny Oduya.
4:37 of 3rd period - Shot by Joel Ward.
4:37 of 3rd period - Stopped by Al Montoya with a rebound.
4:39 of 3rd period - Shot by Antoine Roussel.
4:39 of 3rd period - Shot Blocked by Johnny Oduya.
5:22 of 3rd period - Shot by Cody Eakin.
5:22 of 3rd period - Stopped by Al Montoya without a rebound.
5:23 of 3rd period - Anze Kopitar wins face-off versus Joonas Donskoi in LOS ANGELES Kings zone.
6:06 of 3rd period - Drew Doughty is hit by Ryan Reaves and loses puck.
7:20 of 3rd period - Shot by Kyle Brodziak.
7:20 of 3rd period - Stopped by Charlie Lindgren with a rebound.
8:28 of 3rd period - Icing by Justin Braun.
8:29 of 3rd period - Calle Jarnkrok wins face-off versus Tim Schaller in VEGAS Golden Knights zone.
8:29 of 3rd period - Calle Jarnkrok is hit by Tim Schaller.
8:37 of 3rd period - Shot by Jordan Oesterle.
8:37 of 3rd period - Stopped by Al Montoya with a rebound.
9:45 of 3rd period - Mitchell Marner is hit by Brenden Dillon and loses puck.
10:56 of 3rd period - Off-side.
10:57 of 3rd period - Kyle Brodziak wins face-off versus Cody Eakin in neutral zone.
11:26 of 3rd period - Shot by Michael Cammalleri.
11:26 of 3rd period - Shot Blocked by Brendan Smith.
11:28 of 3rd period - Shot by Oliver Ekman-Larsson.
11:28 of 3rd period - Stopped by Charlie Lindgren with a rebound.
11:30 of 3rd period - Shot by Kyle Brodziak.
11:30 of 3rd period - Stopped by Charlie Lindgren without a rebound.
11:31 of 3rd period - Nick Bonino wins face-off versus Zack Kassian in VEGAS Golden Knights zone.
11:34 of 3rd period - Shot by Jonathan Huberdeau.
11:34 of 3rd period - Stopped by Charlie Lindgren without a rebound.
11:35 of 3rd period - Calle Jarnkrok wins face-off versus Anze Kopitar in VEGAS Golden Knights zone.
12:04 of 3rd period - Shot by Anze Kopitar.
12:04 of 3rd period - Shot Misses the Net.
12:26 of 3rd period - Icing by Justin Braun.
12:27 of 3rd period - Calle Jarnkrok wins face-off versus Nick Bonino in VEGAS Golden Knights zone.
12:49 of 3rd period - Shot by Marc Methot.
12:49 of 3rd period - Stopped by Al Montoya with a rebound.
12:51 of 3rd period - Shot by Markus Granlund.
12:51 of 3rd period - Stopped by Al Montoya with a rebound.
12:53 of 3rd period - Shot by Benoit Pouliot.
12:53 of 3rd period - Stopped by Al Montoya with a rebound.
12:55 of 3rd period - Shot by Benoit Pouliot.
12:55 of 3rd period - Shot Misses the Net.
13:09 of 3rd period - Shot by Johnny Oduya.
13:09 of 3rd period - Shot Blocked by Benoit Pouliot.
13:31 of 3rd period - Johnny Oduya is hit by Zack Kassian.
13:56 of 3rd period - Shot by Chris Wagner.
13:56 of 3rd period - Stopped by Charlie Lindgren without a rebound.
13:57 of 3rd period - Matt Stajan wins face-off versus Anze Kopitar in VEGAS Golden Knights zone.
14:16 of 3rd period - Shot by Mark Stone.
14:16 of 3rd period - Shot Misses the Net.
14:18 of 3rd period - Shot by Jakob Silfverberg.
14:18 of 3rd period - Shot Misses the Net.
14:20 of 3rd period - Shot by Stephen Johns.
14:20 of 3rd period - Stopped by Charlie Lindgren without a rebound.
14:21 of 3rd period - Kyle Brodziak wins face-off versus Calle Jarnkrok in VEGAS Golden Knights zone.
14:21 of 3rd period - Michael Cammalleri is hit by Brenden Dillon and loses puck.
15:34 of 3rd period - Markus Granlund is hit by Stephen Johns and loses puck.
15:42 of 3rd period - Icing by Mark Stone.
15:43 of 3rd period - Anze Kopitar wins face-off versus Antoine Roussel in LOS ANGELES Kings zone.
15:58 of 3rd period - Icing by Stephen Johns.
15:59 of 3rd period - Matt Stajan wins face-off versus Anze Kopitar in LOS ANGELES Kings zone.
16:00 of 3rd period - Shot by Ryan Reaves.
16:00 of 3rd period - Shot Blocked by Oliver Ekman-Larsson.
16:10 of 3rd period - Icing by Oliver Ekman-Larsson.
16:11 of 3rd period - Anze Kopitar wins face-off versus Calle Jarnkrok in LOS ANGELES Kings zone.
16:31 of 3rd period - Icing by Marc Methot.
16:32 of 3rd period - Nick Bonino wins face-off versus Calle Jarnkrok in VEGAS Golden Knights zone.
16:33 of 3rd period - Shot by Jonathan Huberdeau.
16:33 of 3rd period - Stopped by Charlie Lindgren without a rebound.
16:34 of 3rd period - Nick Bonino wins face-off versus Antoine Roussel in VEGAS Golden Knights zone.
16:45 of 3rd period - Shot by Justin Braun.
16:45 of 3rd period - Shot Misses the Net.
16:49 of 3rd period - Shot by Antoine Roussel.
16:49 of 3rd period - Shot Blocked by Drew Doughty.
16:51 of 3rd period - Shot by Joel Ward.
16:51 of 3rd period - Stopped by Al Montoya without a rebound.
16:52 of 3rd period - Anze Kopitar wins face-off versus Nick Bjugstad in LOS ANGELES Kings zone.
16:59 of 3rd period - Shot by Oliver Ekman-Larsson.
16:59 of 3rd period - Stopped by Charlie Lindgren without a rebound.
17:00 of 3rd period - Calle Jarnkrok wins face-off versus Anze Kopitar in VEGAS Golden Knights zone.
17:00 of 3rd period - Calle Jarnkrok is hit by Jakob Silfverberg.
17:32 of 3rd period - Shot by Anze Kopitar.
17:32 of 3rd period - Shot Misses the Net.
17:34 of 3rd period - Shot by Jakob Silfverberg.
17:34 of 3rd period - Shot Misses the Net.
17:36 of 3rd period - Shot by Drew Doughty.
17:36 of 3rd period - Shot Blocked by Justin Braun.
18:16 of 3rd period - Shot by Mitchell Marner.
18:16 of 3rd period - Deflect By Jonathan Huberdeau.
18:16 of 3rd period - Stopped by Charlie Lindgren with a rebound.
18:18 of 3rd period - Shot by Nick Bonino.
18:18 of 3rd period - Goal by Nick Bonino - LOS ANGELES Kings : 1 - VEGAS Golden Knights : 1.
18:19 of 3rd period - Antoine Roussel wins face-off versus Kyle Brodziak in neutral zone.
18:36 of 3rd period - Shot by Chris Wagner.
18:36 of 3rd period - Shot Misses the Net.
18:46 of 3rd period - Icing by Kyle Brodziak.
18:47 of 3rd period - Markus Granlund wins face-off versus Kyle Brodziak in LOS ANGELES Kings zone.
18:48 of 3rd period - Shot by Cody Eakin.
18:48 of 3rd period - Shot Misses the Net.
19:20 of 3rd period - Shot by Markus Granlund.
19:20 of 3rd period - Stopped by Al Montoya with a rebound.
19:22 of 3rd period - Shot by Markus Granlund.
19:22 of 3rd period - Goal by Markus Granlund - LOS ANGELES Kings : 1 - VEGAS Golden Knights : 2.
19:23 of 3rd period - Anze Kopitar wins face-off versus Calle Jarnkrok in neutral zone.
19:26 of 3rd period - LOS ANGELES Kings, Al Montoya is pulled from the net.
19:26 of 3rd period - Shot by Oliver Ekman-Larsson.
19:26 of 3rd period - Shot Misses the Net.
19:28 of 3rd period - Shot by Anze Kopitar.
19:28 of 3rd period - Stopped by Charlie Lindgren without a rebound.
19:29 of 3rd period - Anze Kopitar wins face-off versus Calle Jarnkrok in VEGAS Golden Knights zone.
19:34 of 3rd period - Shot by Mark Stone.
19:34 of 3rd period - Stopped by Charlie Lindgren with a rebound.
19:45 of 3rd period - Minor Penalty to Drew Doughty for Interference.
19:46 of 3rd period - Al Montoya from LOS ANGELES Kings was sent back in the game.
19:46 of 3rd period - Matt Stajan wins face-off versus Nick Bonino in LOS ANGELES Kings zone.
Goals for this period are 1 for LOS ANGELES Kings vs 1 for VEGAS Golden Knights.
Shots for this period are 15 for LOS ANGELES Kings vs 13 for VEGAS Golden Knights.